 Dungeon Crawl Stone Soup version 0.30-a0-802-gb92711bcdf (webtiles) character file.

Game seed: 6378276876599612279

429 Monkooky the Trooper (level 6, -2/55 HPs)
             Began as a Barachi Brigand on Feb 24, 2023.
             Slain by a river rat (5 damage)
             ... summoned by Eustachio
             ... on level 4 of the Dungeon.
             The game lasted 00:06:18 (2932 turns).

Monkooky the Trooper (Barachi Brigand)              Turns: 2932, Time: 00:06:19

Health: -2/55      AC:  7    Str: 13    XL:     6   Next: 98%
Magic:  6/6        EV: 10    Int: 11    God:
Gold:   140        SH:  0    Dex: 15    Spells: 5/5 levels left

rFire   . . .      SeeInvis .    a - +2 dagger
rCold   . . .      Faith    .    (no shield)
rNeg    . . .      Spirit   .    w - +0 ring mail
rPois   .          Reflect  .    x - +0 helmet
rElec   .          Harm     .    c - +0 cloak
rCorr   .          Rampage  .    (no gloves)
Will    +....                    (no boots)
Stlth   ++                       (no amulet)
HPRegen 0.29/turn                j - ring of willpower
MPRegen 0.10/turn                (no ring)

@: brilliant, unable to hop, slow
A: amphibious, slowness 1, strong legs 1, +LOS
a: Hop


You were on level 4 of the Dungeon.
You visited 1 branch of the dungeon, and saw 4 of its levels.

You collected 140 gold pieces.

Inventory:

Hand Weapons
 a - a +2 dagger (weapon)
 v - a +0 long sword
Armour
 b - a +0 robe
 c - a +0 cloak (worn)
 w - a +0 ring mail (worn)
 x - a +0 helmet (worn)
Magical Staves
 u - a staff of air
Jewellery
 j - a ring of willpower (left hand)
 n - a ring of fire
Scrolls
 f - 3 scrolls of teleportation {unknown}
 l - a scroll of amnesia {unknown}
 m - 2 scrolls of vulnerability {unknown}
 o - 2 scrolls of immolation {unknown}
 q - a scroll of fear {unknown}
 r - a scroll of brand weapon {unknown}
 t - a scroll of identify {unknown}
 y - a scroll of fog {unknown}
 z - a scroll of blinking {unknown}
 A - a scroll of torment {unknown}
Potions
 g - a potion of brilliance
 h - a potion of attraction {unknown}
 i - a potion of heal wounds {unknown}
 k - a potion of curing {unknown}
 p - a potion of flight {unknown}
 s - a potion of magic


   Skills:
 - Level 7.5 Fighting
 - Level 2.1(3.2) Short Blades
 * Level 4.1(4.4) Long Blades
 - Level 2.0 Throwing
 - Level 1.1 Dodging
 - Level 3.6 Stealth


You had 5 spell levels left.
You didn't know any spells.
Your spell library contained the following spells:

 Spells                   Type           Power      Damage    Failure   Level
 Summon Small Mammal      Summ           0%         N/A       61%         1
 Call Canine Familiar     Summ           0%         N/A       93%         3
 Summon Guardian Golem    Hex/Summ       0%         N/A       93%         3


Dungeon Overview and Level Annotations

Branches:
Dungeon (4/15)
 Temple: D:4-7

Altars:
Vehumet
Wu Jian

Shops:
D:1 :

Annotations:
D:4 Eustachio


Innate Abilities, Weirdness & Mutations

You are amphibious.
You cover ground slowly.
You can hop short distances.
You have an extended range of vision and can be seen from far away.


Message History

Hop to where?
Press: ? - help, Dir - move target, p - Eustachio Boing!
The quokka attacks as you move away! The quokka barely misses you.
Eustachio is no longer moving slowly.
Eustachio looks more healthy.
Eustachio mumbles some strange words.
Eustachio blinks!
The quokka closely misses you.
The river rat bites you but does no damage.
Eustachio casts a spell.
The shadow imp shouts, "Scamper away, thou craven sow-suckled boar-pig!"
You hear a bark!
The river rat bites you.
* * * LOW HITPOINT WARNING * * *
Eustachio hits you with a +0 falchion.
* * * LOW HITPOINT WARNING * * *
You hit Eustachio.
Eustachio is severely wounded.
The quokka completely misses you.
The river rat bites you but does no damage.
Eustachio barely misses you.
You hit Eustachio.
Eustachio is almost dead.
The quokka closely misses you.
The river rat bites you but does no damage.
You hit Eustachio.
Eustachio is almost dead.
Eustachio hits you with a +0 falchion.
* * * LOW HITPOINT WARNING * * *
The quokka bites you but does no damage.
You aren't carrying any items that you can evoke.
It was a potion of brilliance.
You feel clever all of a sudden. The river rat bites you.
* * * LOW HITPOINT WARNING * * *
The quokka barely misses you. Eustachio hits you but does no damage.
It was a potion of magic.
Magic courses through your body. The quokka bites you.
* * * LOW HITPOINT WARNING * * *
The river rat bites you.
You die...

.. .. ### #.##....
###..#... .#..#..
...#.. .5..# #. .
##. #@#.## #.
.#... #@#..##
.#...# #rr#..#
..#..#
#rr.#.####....#
#.#......#..#
#.##..##....####(#
#.# #..(##.....(..
#.. ###....†.(.(..
.## ####.####### .
#.#


You could see Eustachio, a quasit (summoned), 3 river rats and a quokka
(summoned).

Vanquished Creatures
  Sigmund (D:2)
  A phantom (D:3)
  A hound (D:4)
  An iguana (D:4)
  Robin (D:3)
  7 adders
  2 worms
  3 dart slugs
  An orc (D:3)
  5 ball pythons
  7 bats
  8 endoplasms
  A giant cockroach (D:2)
  12 goblins
  5 hobgoblins
  5 quokkas
  4 frilled lizards
  A kobold (D:4)
  4 rats (D:1)
70 creatures vanquished.

Notes
Turn   | Place    | Note
-------+----------+-------------------------------------------
     0 | D:1      | Monkooky the Barachi Brigand began the quest for the Orb.
     0 | D:1      | Reached XP level 1. HP: 17/17 MP: 1/1
   173 | D:1      | Reached skill level 3 in Fighting
   213 | D:1      | Reached XP level 2. HP: 6/24 MP: 2/2
   520 | D:1      | Reached skill level 4 in Fighting
   746 | D:1      | Reached XP level 3. HP: 30/30 MP: 3/3
   773 | D:1      | Found Ofoake's Book Shop.
   916 | D:2      | Reached skill level 5 in Fighting
   999 | D:2      | Reached XP level 4. HP: 39/39 MP: 4/4
  1345 | D:2      | Noticed Sigmund
  1356 | D:2      | Killed Sigmund
  1357 | D:2      | Reached skill level 7 in Fighting
  1357 | D:2      | Reached XP level 5. HP: 48/48 MP: 5/5
  1357 | D:2      | Reached XP level 6. HP: 55/55 MP: 6/6
  1851 | D:3      | Noticed Robin
  1866 | D:3      | Reached skill level 1 in Long Blades
  1905 | D:3      | Killed Robin
  2640 | D:3      | Found a radiant altar of Vehumet.
  2641 | D:3      | Found an ornate altar of the Wu Jian Council.
  2900 | D:4      | Noticed Eustachio
  2932 | D:4      | Slain by a river rat

Illustrated notes

Levels and vault maps discovered:
D:1:      dpeg_arrival_water_fire, layout_basic, serial_shops,
          nicolae_shop_behind_doors, hangedman_decor_opposing
D:2:      layout_loops_ring, uniq_sigmund
D:3:      layout_basic, nicolae_overflow_two_pavilions, uniq_robin
D:4:      layout_rooms, minmay_goblin_outpost, uniq_eustachio, uniq_edmund,
          uniq_grinder

Skill      XL: |  1  2  3  4  5  6 |
---------------+-------------------+-----
Fighting       | 3 4 5 7 |  7.5
Long Blades    | 4 |  4.1
Short Blades   | |  2.1
Throwing       | |  2.0
Dodging        | |  1.1
Stealth        | |  3.6

Action                     |  1- 3 |  4- 6 || total
---------------------------+-------+-------++-------
  Melee: Dagger            |    88 |   186 ||   274
         Punch             |       |     1 ||     1
  Throw: Dart              |     3 |    30 ||    33
Ability: Hop               |     1 |     3 ||     4
    Use: Potion            |       |     2 ||     2
   Stab: Sleeping          |     8 |     3 ||    11
 Armour: Robe              |    24 |    10 ||    34
         Ring mail         |       |    61 ||    61
  Dodge: Dodged            |    59 |   108 ||   167

Table legend: (Time is in decaauts)
 A = Elapsed time spent in this place.
 B = Non-inter-level travel time spent in this place.
 C = Inter-level travel time spent in this place.
 D = Time resting spent in this place.
 E = Time spent auto-exploring this place.
 F = Levels seen in this place.
 G = Mean time per level.
                   A        B        C        D        E       F      G
               +--------+--------+--------+--------+--------+-----+--------+
         Total |   3302 |   3236 |     66 |     14 |   2581 |   4 |  825.5 |
       Dungeon |   3302 |   3236 |     66 |     14 |   2581 |   4 |  825.5 |
               +--------+--------+--------+--------+--------+-----+--------+

Top non-repeatable levels by time:
     D:3: 1304 daAuts
     D:2: 988 daAuts
     D:1: 921 daAuts
     D:4: 88 daAuts
